 Dungeon Crawl Stone Soup version 0.29.0-13-gc9e81de378 (webtiles) character file.

Game seed: 6946426817494767188

35 nickcage the Cudgeller (level 3, -1/29 HPs)
             Began as a Formicid Abyssal Knight on Sept 7, 2022.
             Was a Priest of Lugonu.
             Slain by an orc
             ... wielding a +0 morningstar
              (2 damage)
             ... on level 2 of the Dungeon.
             The game lasted 00:02:15 (1599 turns).

nickcage the Cudgeller (Formicid Abyssal Knight)    Turns: 1599, Time: 00:02:16

Health: -1/29      AC: 11    Str: 19    XL:     3   Next: 55%
Magic:  4/4        EV:  2    Int: 11    God:    Lugonu [***...]
Gold:   134        SH:  0    Dex: 14    Spells: 2/2 levels left

rFire   . . .      SeeInvis +   a - +1 mace
rCold   . . .      Faith    .   (no shield)
rNeg    . . .      Spirit   .   j - +1 plate armour "Geph" {rPois Int+2}
rPois   +          Reflect  .   (helmet unavailable)
rElec   .          Harm     .   (no cloak)
rCorr   .          Rampage  .   (no gloves)
Will    .....                   (no boots)
Stlth   ..........              (no amulet)
HPRegen 0.09/turn               (no ring)
MPRegen 0.09/turn               (no ring)

@: constricted
A: permanent stasis, dig shafts and tunnels, antennae 3, four strong arms
a: Dig, Shaft Self, Renounce Religion, Depart the Abyss, Bend Space, Banish


You were on level 2 of the Dungeon.
You worshipped Lugonu.
Lugonu was most pleased with you.
You visited 1 branch of the dungeon, and saw 2 of its levels.
You visited the Abyss 1 time.

You collected 134 gold pieces.

Inventory:

Hand Weapons
 a - a +1 mace (weapon)
Armour
 b - a +0 leather armour
 j - the +1 plate armour "Geph" (worn) {rPois Int+2}
   (You found it on level 2 of the Dungeon)

   Int:       It affects your intelligence (+2).
   rPois:     It protects you from poison.
Scrolls
 d - 2 scrolls of fog {unknown}
 g - 2 scrolls of poison {unknown}
 h - 2 scrolls of enchant armour {unknown}
Potions
 c - a potion of lignification {unknown}
 e - a potion of degeneration {unknown}
 f - a potion of haste {unknown}
 i - a potion of magic {unknown}


   Skills:
 - Level 3.2 Fighting
 + Level 3.7 Maces & Flails
 - Level 2.1 Armour
 - Level 0.8 Dodging
 - Level 2.1 Invocations


You had 2 spell levels left.
You didn't know any spells.
Your spell library contained the following spells:

 Spells                   Type           Power      Damage    Failure   Level
 Scorch                   Fire           0%         2d5       100%        2
 Lesser Beckoning         Tloc           0%         N/A       100%        3
 Flame Wave               Conj/Fire      0%         2d4       100%        4
 Manifold Assault         Tloc           0%         N/A       100%        5
 Summon Cactus Giant      Summ           0%         N/A       100%        6
 Blink                    Tloc           Unusable   N/A       N/A         2

Dungeon Overview and Level Annotations

Branches:
Dungeon (2/15)

Altars:


Innate Abilities, Weirdness & Mutations

You cannot be hasted, slowed, berserked, paralysed or teleported.
You can dig through walls and to a lower floor.
You have a pair of large antennae on your head. (SInv)
Your four strong arms can wield two-handed weapons with a shield.


Message History

The orc is almost dead.
You hit the orc but do no damage.
The orc is almost dead.
The orc hits you with a +0 morningstar. The orc hits you with a +0 war axe.
A kobold comes into view. It is wielding a +0 short sword.
The ball python bites you but does no damage.
The ball python grabs you. The ball python constricts you.
The kobold shouts!
You hit the orc priest.
The orc priest is moderately wounded.
The ball python bites you but does no damage.
The ball python constricts you.
The orc priest hits you but does no damage.
The orc hits you but does no damage. The orc hits you with a +0 war axe.
You thump the orc priest!
The orc priest is almost dead.
The ball python bites you but does no damage.
The ball python constricts you.
The orc priest invokes the aid of Beogh against you.
You barely resist. The orc hits you with a +0 morningstar!
* * * LOW HITPOINT WARNING * * *
The orc hits you but does no damage.
The ball python bites you but does no damage.
The ball python constricts you. The orc hits you with a +0 war axe.
* * * LOW HITPOINT WARNING * * *
The orc priest hits you with a +0 club.
* * * LOW HITPOINT WARNING * * *
The orc hits you but does no damage.
You hit the orc priest.
The orc priest is almost dead.
The ball python bites you but does no damage.
The ball python constricts you.
The orc priest hits you but does no damage.
The orc barely misses you. The orc hits you but does no damage.
You hit the orc priest.
You kill the orc priest!
Lugonu accepts your kill.
You can now banish your foes.
The ball python bites you but does no damage.
The ball python constricts you. The orc hits you with a +0 morningstar.
You die...

#. #.#.# #.##.##.##..
..#.# #.##.#...... {
###.# #.##.#.#.##. #.#
#.##.#.#.#.. #.#
#.#......... #.#
#.#..###.#.. ##.##
#.#..##..##.
..#####o..###.#..#.#....
..?.ooS@#.........######
....K.Jo..###.###.#
.########## #.# #.## #
#.###.<## ##
##...##.###. ##.####...#
#......... ##########


You could see 4 orcs, an endoplasm, a ball python and a kobold.

Vanquished Creatures
  An orc priest (D:2)
  An adder (D:2)
  An endoplasm (D:1)
  3 giant cockroaches (D:1)
  4 goblins (D:1)
  4 hobgoblins
  2 quokkas (D:2)
  4 frilled lizards
  A kobold (D:1)
  4 rats
25 creatures vanquished.

Vanquished Creatures (others)
  A fungus (D:2)
1 creature vanquished.

Grand Total: 26 creatures vanquished

Notes
Turn   | Place    | Note
-------+----------+-------------------------------------------
     0 | Abyss:1  | nickcage the Formicid Abyssal Knight began the quest for
                  | the Orb.
     0 | Abyss:1  | Reached XP level 1. HP: 18/18 MP: 2/2
     1 | D:1      | Escaped the Abyss
   274 | D:1      | Reached XP level 2. HP: 24/24 MP: 3/3
   836 | D:1      | Reached XP level 3. HP: 25/29 MP: 4/4
  1444 | D:2      | Identified the +1 plate armour "Geph" {rPois Int+2}
  1458 | D:2      | Found a faded altar of an unknown god.
  1597 | D:2      | HP: 1/29 [orc priest/+0 club (2)]
  1599 | D:2      | Reached *** piety under Lugonu
  1599 | D:2      | Slain by an orc

Illustrated notes

Levels and vault maps discovered:
D:1:      minmay_arrival_doors, layout_loops_cross
D:2:      layout_loops_ring, shapermc_ecumenical_altar_petra,
          hangedman_decor_clover_reticule

Skill      XL: |  1  2 |
---------------+-------+-----
Maces & Flails | 3 |  3.7
Fighting       | |  3.2
Armour         | |  2.1
Dodging        | |  0.8
Invocations    | |  2.1

Action                   || total
-------------------------++-------
Melee: Mace              ||    80
Armor: Leather armour    ||    21
       Plate armour      ||    16
Dodge: Dodged            ||    47
